PBL
OAKLAND OAKS @ HOUSTON COLT .45'S
09/24/2047
 
TOP OF THE 1ST
Oakland Oaks batting - Pitching for Houston Colt .45's : RHP David Sanchez
Pitching: RHP David Sanchez
Batting: RHB Gabe Secundino 0-0: Ball
1-0: Ball
2-0: Ground out 6-3 (Groundball, 6, EV 90.6 MPH)
Batting: RHB Nathaniel Adderley 0-0: Ball
1-0: Ball
2-0: Called Strike
2-1: Ball
3-1: Called Strike
3-2: Foul Ball, location: 2F
3-2: Ground out 5-3 (Groundball, 56, EV 101.2 MPH)
Batting: RHB Pete Goerge 0-0: Ball
1-0: Swinging Strike
1-1: Fly out, F7 (Line Drive, 78S, EV 95.6 MPH)
Top of the 1st over - 0 runs, 0 hits, 0 errors, 0 left on base; Oakland 0 - Houston 0
BOTTOM OF THE 1ST
Houston Colt .45's batting - Pitching for Oakland Oaks : RHP Quincy Potvin
Pitching: RHP Quincy Potvin
Batting: RHB Jarno van Lente 0-0: SOLO HOME RUN (Flyball, 89XD, EV 108.8 MPH), Distance : 413 ft
Batting: RHB Kieron Clark 0-0: Called Strike
0-1: Foul Ball, location: 2F
0-2: Fly out, F8 (Flyball, 8LXD, EV 95.6 MPH)
Batting: SHB Terciero Ortiz 0-0: Called Strike
0-1: Fly out, F7 (Flyball, 78S, EV 85.0 MPH)
Batting: LHB Lou Toth 0-0: Ball
1-0: Called Strike
1-1: Foul Ball, location: 2F
1-2: Ball
2-2: Foul Ball, location: 2F
2-2: Ball
3-2: Base on Balls
Batting: LHB Vecdi Hodensack 0-0: Called Strike
0-1: Called Strike
0-2: Ball
1-2: Ball
2-2: Ground out 4-3 (Groundball, 4, EV 103.8 MPH)
Bottom of the 1st over - 1 run, 1 hit, 0 errors, 1 left on base; Oakland 0 - Houston 1
TOP OF THE 2ND
Oakland Oaks batting - Pitching for Houston Colt .45's : RHP David Sanchez
Batting: RHB Rafael Alarcon 0-0: Ball
1-0: Foul Ball, location: 2F
1-1: Ball
2-1: Called Strike
2-2: Foul Ball, location: 2F
2-2: Foul Ball, location: 2F
2-2: Ball
3-2: Strikes out swinging
Batting: RHB Chris Prinzing 0-0: Ball
1-0: Called Strike
1-1: Foul Ball, location: 2F
1-2: Ball
2-2: DOUBLE (Flyball, 89XD, EV 100.0 MPH)
Batting: RHB Ryan Jennings 0-0: Ball
1-0: Ball
2-0: Ball
3-0: Called Strike
3-1: Base on Balls
Batting: RHB Amare Brown 0-0: Swinging Strike
0-1: Ball
1-1: Foul Ball, location: 2F
1-2: Foul Ball, location: 2F
1-2: Ball
2-2: Strikes out swinging
Batting: LHB Bill Helmer 0-0: Called Strike
0-1: Ball
1-1: Foul Ball, location: 2F
1-2: Strikes out swinging
Top of the 2nd over - 0 runs, 1 hit, 0 errors, 2 left on base; Oakland 0 - Houston 1
BOTTOM OF THE 2ND
Houston Colt .45's batting - Pitching for Oakland Oaks : RHP Quincy Potvin
Batting: RHB Jesus Diego 0-0: Ground out 6-3 (Groundball, 56, EV 108.1 MPH)
Batting: RHB Patrick Pinault 0-0: Foul Ball, location: 2F
0-1: Called Strike
0-2: Strikes out swinging
Batting: LHB Bob Neale 0-0: Ground out 3-1 (Groundball, 34, EV 88.8 MPH)
Bottom of the 2nd over - 0 runs, 0 hits, 0 errors, 0 left on base; Oakland 0 - Houston 1
TOP OF THE 3RD
Oakland Oaks batting - Pitching for Houston Colt .45's : RHP David Sanchez
Batting: RHB Dave Villarreal 0-0: Swinging Strike
0-1: Foul Ball, location: 2F
0-2: Ball
1-2: Fly out, F9 (Flyball, 9D, EV 97.5 MPH)
Batting: RHB Gabe Secundino 0-0: Called Strike
0-1: Ground out 5-3 (Groundball, 56, EV 88.8 MPH)
Batting: RHB Nathaniel Adderley 0-0: Called Strike
0-1: Ball
1-1: Ball
2-1: Swinging Strike
2-2: Ball
3-2: Base on Balls
Batting: RHB Pete Goerge 0-0: Called Strike
0-1: Ball
1-1: Called Strike
1-2: Strikes out swinging
Top of the 3rd over - 0 runs, 0 hits, 0 errors, 1 left on base; Oakland 0 - Houston 1
BOTTOM OF THE 3RD
Houston Colt .45's batting - Pitching for Oakland Oaks : RHP Quincy Potvin
Batting: RHB Domingas Saragoa 0-0: Foul Ball, location: 2F
0-1: Ball
1-1: Ball
2-1: Foul Ball, location: 2F
2-2: Foul Ball, location: 2F
2-2: Ground out 1-3 (Groundball, 15S, EV 67.5 MPH)
Batting: RHB Jarno van Lente 0-0: Ball
1-0: Called Strike
1-1: Ball
2-1: Swinging Strike
2-2: Ball
3-2: Base on Balls
Batting: RHB Kieron Clark 0-0: Called Strike
0-1: Ball
1-1: Foul Ball, location: 2F
1-2: Ball
2-2: SINGLE (Line Drive, 8LS, EV 98.8 MPH)
Jarno van Lente to second
Runner from 2nd tries for 3rd, SAFE, no throw by CF
Batting: SHB Terciero Ortiz 0-0: Ball
1-0: DOUBLE (Line Drive, 78D, EV 105.0 MPH)
Jarno van Lente scores
Kieron Clark to third
Batting: LHB Lou Toth 0-0: Ball
1-0: Ball
2-0: Ball
3-0: Base on Balls
Batting: LHB Vecdi Hodensack 0-0: Foul Ball, location: 2F
0-1: Ball
1-1: Ball
2-1: Ball
3-1: Base on Balls
Kieron Clark scores
Terciero Ortiz to third
Lou Toth to second
Batting: RHB Jesus Diego 0-0: Grounds into double play, 4-6-3 (Groundball, 4MD, EV 85.6 MPH)
Bottom of the 3rd over - 2 runs, 2 hits, 0 errors, 2 left on base; Oakland 0 - Houston 3
TOP OF THE 4TH
Oakland Oaks batting - Pitching for Houston Colt .45's : RHP David Sanchez
Batting: RHB Rafael Alarcon 0-0: Ball
1-0: Foul Ball, location: 2F
1-1: Swinging Strike
1-2: Hit by Pitch
Batting: RHB Chris Prinzing 0-0: Foul Ball, location: 2F
0-1: Swinging Strike
0-2: Foul Ball, location: 2F
0-2: Strikes out swinging
Batting: RHB Ryan Jennings 0-0: Ball
1-0: Ball
2-0: Hit by Pitch
Rafael Alarcon to second
Batting: RHB Amare Brown 0-0: Ball
1-0: Called Strike
1-1: Ball
2-1: Ball
3-1: Base on Balls
Rafael Alarcon to third
Ryan Jennings to second
Batting: LHB Bill Helmer 0-0: Ball
1-0: Called Strike
1-1: Ball
2-1: Ball
3-1: Foul Ball, location: 2F
3-2: Foul Ball, location: 2F
3-2: Foul Ball, location: 2F
3-2: Foul Ball, location: 2F
3-2: Base on Balls
Rafael Alarcon scores
Ryan Jennings to third
Amare Brown to second
Pitching: RHP Steve Kelly
Batting: RHB Toyohiko Nakajima 0-0: Foul Ball, location: 2F
0-1: Called Strike
0-2: Strikes out swinging
Batting: RHB Gabe Secundino 0-0: Ball
1-0: Ball
2-0: DOUBLE (Line Drive, 7LS, EV 93.1 MPH)
Ryan Jennings scores
Amare Brown scores
Bill Helmer to third
Pinch Hitting: RHB Alberto Malagon 0-0: Foul Ball, location: 2F
0-1: Ball
1-1: Ball
2-1: Ball
3-1: Foul Ball, location: 2F
3-2: Base on Balls
Batting: RHB Pete Goerge 0-0: Ball
1-0: Swinging Strike
1-1: Swinging Strike
1-2: Ball
2-2: Ball
3-2: Strikes out looking
Top of the 4th over - 3 runs, 1 hit, 0 errors, 3 left on base; Oakland 3 - Houston 3
BOTTOM OF THE 4TH
Houston Colt .45's batting - Pitching for Oakland Oaks : RHP Quincy Potvin
Now in RF: Diego Vega
Batting: RHB Patrick Pinault 0-0: SINGLE (Groundball, 56, EV 98.8 MPH)
Batting: LHB Bob Neale 0-0: Foul Ball, location: 2F
0-1: Fly out, F7 (Line Drive, 78D, EV 103.8 MPH)
Batting: RHB Domingas Saragoa 0-0: Ball
1-0: Called Strike
1-1: Ball
2-1: Grounds into double play, 4-6-3 (Groundball, 4, EV 86.2 MPH)
Bottom of the 4th over - 0 runs, 1 hit, 0 errors, 0 left on base; Oakland 3 - Houston 3
TOP OF THE 5TH
Oakland Oaks batting - Pitching for Houston Colt .45's : RHP Steve Kelly
Batting: RHB Rafael Alarcon 0-0: Ball
1-0: Ball
2-0: Called Strike
2-1: Foul Ball, location: 2F
2-2: Strikes out swinging
Batting: RHB Chris Prinzing 0-0: Ball
1-0: Called Strike
1-1: Foul Ball, location: 2F
1-2: Foul Ball, location: 2F
1-2: Ball
2-2: Foul Ball, location: 2F
2-2: Fly out, F9 (Flyball, 9LD, EV 106.2 MPH)
Batting: RHB Ryan Jennings 0-0: Ball
1-0: Foul Ball, location: 2F
1-1: Ball
2-1: Swinging Strike
2-2: Ball
3-2: Foul Ball, location: 2F
3-2: Strikes out swinging
Top of the 5th over - 0 runs, 0 hits, 0 errors, 0 left on base; Oakland 3 - Houston 3
BOTTOM OF THE 5TH
Houston Colt .45's batting - Pitching for Oakland Oaks : RHP Quincy Potvin
Batting: RHB Jarno van Lente 0-0: Ball
1-0: Ball
2-0: Ball
3-0: Called Strike
3-1: Base on Balls
Batting: RHB Kieron Clark 0-0: Called Strike
0-1: Ball
1-1: Ball
2-1: SINGLE (Line Drive, 8RS, EV 110.0 MPH)
Jarno van Lente to second
Batting: SHB Terciero Ortiz 0-0: Fielders Choice at 2nd, 1-4 (Groundball, 15S, EV 70.0 MPH)
Jarno van Lente to third
Batting: LHB Lou Toth 0-0: Foul Ball, location: 2F
0-1: Ball
1-1: Ball
2-1: Ball
3-1: Foul Ball, location: 2F
3-2: Foul Ball, location: 2F
3-2: Base on Balls
Terciero Ortiz to second
Batting: LHB Vecdi Hodensack 0-0: Ball
1-0: Ball
2-0: Ball
3-0: Called Strike
3-1: Called Strike
3-2: Grounds into fielders choice 3-2 (Groundball, 3, EV 86.2 MPH)
Terciero Ortiz to third
Lou Toth to second
Batting: RHB Jesus Diego 0-0: Called Strike
0-1: Swinging Strike
0-2: Fly out, F8 (Flyball, 8LD, EV 85.6 MPH)
Bottom of the 5th over - 0 runs, 1 hit, 0 errors, 3 left on base; Oakland 3 - Houston 3
TOP OF THE 6TH
Oakland Oaks batting - Pitching for Houston Colt .45's : RHP Steve Kelly
Batting: RHB Amare Brown 0-0: Fly out, F2 (Popup, 2RF, EV 91.2 MPH)
Batting: LHB Bill Helmer 0-0: Reached on error, E4 (Groundball, 4, EV 82.5 MPH)
Batting: RHB Toyohiko Nakajima 0-0: Ball
1-0: Called Strike
1-1: Called Strike
1-2: Strikes out swinging
Batting: RHB Gabe Secundino 0-0: Ball
1-0: Foul Ball, location: 2F
1-1: Hit by Pitch
Bill Helmer to second
Pitching: RHP Tim Evans
Batting: LHB Diego Vega 0-0: Called Strike
0-1: Ball
1-1: Reached on error, E7 (Flyball, 78D, EV 91.2 MPH)
Bill Helmer scores
Gabe Secundino to third
Batting: RHB Pete Goerge 0-0: Ball
1-0: Ball
2-0: Ball
3-0: Base on Balls
Batting: RHB Rafael Alarcon 0-0: Called Strike
0-1: Foul Ball, location: 2F
0-2: Strikes out swinging
Top of the 6th over - 1 run, 0 hits, 2 errors, 3 left on base; Oakland 4 - Houston 3
BOTTOM OF THE 6TH
Houston Colt .45's batting - Pitching for Oakland Oaks : RHP Quincy Potvin
Batting: RHB Patrick Pinault 0-0: Called Strike
0-1: Foul Ball, location: 2F
0-2: Foul Ball, location: 2F
0-2: Strikes out looking
Batting: LHB Bob Neale 0-0: Fly out, F9 (Flyball, 89S, EV 95.0 MPH)
Batting: RHB Domingas Saragoa 0-0: Fly out, F8 (Flyball, 8LM, EV 89.4 MPH)
Bottom of the 6th over - 0 runs, 0 hits, 0 errors, 0 left on base; Oakland 4 - Houston 3
TOP OF THE 7TH
Oakland Oaks batting - Pitching for Houston Colt .45's : RHP Tim Evans
Batting: RHB Chris Prinzing 0-0: Ball
1-0: Ball
2-0: Ball
3-0: Called Strike
3-1: Fly out, F7 (Flyball, 7, EV 90.6 MPH)
Batting: RHB Ryan Jennings 0-0: Ball
1-0: Ground out 6-3 (Groundball, 6, EV 103.8 MPH)
Batting: RHB Amare Brown 0-0: Swinging Strike
0-1: Foul Ball, location: 2F
0-2: Ball
1-2: DOUBLE (Line Drive, 7LS, EV 95.6 MPH)
Batting: LHB Bill Helmer 0-0: Ball
1-0: Foul Ball, location: 2F
1-1: Foul Ball, location: 2F
1-2: SINGLE (Line Drive, 6D, EV 95.6 MPH)
Amare Brown to third
Runner from 3rd tries for Home, SAFE, throw by LF to home
Batting: RHB Edwin Nunez 0-0: Called Strike
0-1: Foul Ball, location: 2F
0-2: Ball
1-2: Ball
2-2: Foul Ball, location: 2F
2-2: Fly out, F4 (Line Drive, 4, EV 75.6 MPH)
Top of the 7th over - 1 run, 2 hits, 0 errors, 1 left on base; Oakland 5 - Houston 3
BOTTOM OF THE 7TH
Houston Colt .45's batting - Pitching for Oakland Oaks : RHP Quincy Potvin
Batting: RHB Jarno van Lente 0-0: Called Strike
0-1: Ball
1-1: TRIPLE (Line Drive, 78XD, EV 107.5 MPH)
Batting: RHB Kieron Clark 0-0: Ball
1-0: Called Strike
1-1: Ball
2-1: Ball
3-1: Foul Ball, location: 2F
3-2: Foul Ball, location: 2F
3-2: Foul Ball, location: 2F
3-2: Base on Balls
Pinch Hitting: RHB Noah Pena 0-0: Ball
1-0: Ball
2-0: Ball
3-0: Base on Balls
Kieron Clark to second
Pitching: LHP Elias Pena
Batting: LHB Lou Toth 0-0: Ball
1-0: Swinging Strike
1-1: Ball
2-1: Fly out, F7 (Flyball, 78D, EV 76.2 MPH)
Runner from 3rd tags up, SCORES, no throw by LF
Batting: LHB Vecdi Hodensack 0-0: Ball
1-0: Ball
2-0: Called Strike
2-1: Fly out, F6 (Popup, 56, EV 62.5 MPH)
Batting: RHB Jesus Diego 0-0: Called Strike
0-1: Ball
1-1: Ball
2-1: Foul Ball, location: 2F
2-2: Foul Ball, location: 2F
2-2: Strikes out swinging
Bottom of the 7th over - 1 run, 1 hit, 0 errors, 2 left on base; Oakland 5 - Houston 4
TOP OF THE 8TH
Oakland Oaks batting - Pitching for Houston Colt .45's : RHP Tim Evans
Now at 1B: Noah Pena
Batting: RHB Gabe Secundino 0-0: Foul Ball, location: 2F
0-1: Foul Ball, location: 2F
0-2: Ground out 6-3 (Groundball, 6, EV 85.6 MPH)
Batting: LHB Diego Vega 0-0: Called Strike
0-1: Called Strike
0-2: Strikes out swinging
Batting: RHB Pete Goerge 0-0: Ground out 6-3 (Groundball, 56, EV 99.4 MPH)
Top of the 8th over - 0 runs, 0 hits, 0 errors, 0 left on base; Oakland 5 - Houston 4
BOTTOM OF THE 8TH
Houston Colt .45's batting - Pitching for Oakland Oaks : LHP Elias Pena
Batting: RHB Patrick Pinault 0-0: DOUBLE (Flyball, 8LD, EV 90.0 MPH)
Batting: LHB Bob Neale 0-0: Ball
1-0: Ground out 5-3 (Groundball, 56, EV 86.9 MPH)
Pitching: RHP Joey Patrick
Batting: RHB Domingas Saragoa 0-0: Swinging Strike
0-1: Ground out 5-3 (Groundball, 5S, EV 87.5 MPH)
Batting: RHB Jarno van Lente 0-0: Ball
1-0: Ball
2-0: Ball
3-0: Called Strike
3-1: Foul Ball, location: 2F
3-2: Ground out 4-3 (Groundball, 4, EV 102.5 MPH)
Bottom of the 8th over - 0 runs, 1 hit, 0 errors, 1 left on base; Oakland 5 - Houston 4
TOP OF THE 9TH
Oakland Oaks batting - Pitching for Houston Colt .45's : RHP Tim Evans
Pitching: LHP Shane Robinson
Batting: RHB Rafael Alarcon 0-0: Foul Ball, location: 2F
0-1: Hit by Pitch
Batting: RHB Chris Prinzing 0-0: Ball
1-0: Ball
2-0: Foul Ball, location: 2F
2-1: Foul Ball, location: 2F
2-2: Ball
3-2: Strikes out looking
Batting: RHB Ryan Jennings 0-0: Called Strike
0-1: Called Strike
0-2: Foul Ball, location: 2F
0-2: Ball
1-2: SINGLE (Line Drive, 9S, EV 104.4 MPH)
Rafael Alarcon to second
Batting: RHB Amare Brown 0-0: SINGLE (Line Drive, 8LS, EV 104.4 MPH)
Rafael Alarcon to third
Ryan Jennings to second
Batting: LHB Bill Helmer 0-0: Ball
1-0: Called Strike
1-1: Ball
2-1: Swinging Strike
2-2: Foul Ball, location: 2F
2-2: SINGLE (Groundball, 34D, EV 99.4 MPH)
Rafael Alarcon scores
Ryan Jennings to third
Amare Brown to second
Batting: LHB Brian Puccio 0-0: Called Strike
0-1: Swinging Strike
0-2: Ball
1-2: Ball
2-2: Strikes out looking
Batting: RHB Gabe Secundino 0-0: Called Strike
0-1: Swinging Strike
0-2: Ball
1-2: Ball
2-2: Foul Ball, location: 2F
2-2: Foul Ball, location: 2F
2-2: Strikes out swinging
Top of the 9th over - 1 run, 3 hits, 0 errors, 3 left on base; Oakland 6 - Houston 4
BOTTOM OF THE 9TH
Houston Colt .45's batting - Pitching for Oakland Oaks : RHP Joey Patrick
Pitching: LHP Jason Hahn
Batting: RHB Kieron Clark 0-0: Foul Ball, location: 2F
0-1: Called Strike
0-2: Ground out 5-3 (Groundball, 56S, EV 82.5 MPH)
Batting: RHB Noah Pena 0-0: Ball
1-0: Ground out 5-3 (Groundball, 56, EV 83.8 MPH)
Batting: LHB Lou Toth 0-0: Called Strike
0-1: Ball
1-1: Foul Ball, location: 2F
1-2: Strikes out looking
Bottom of the 9th over - 0 runs, 0 hits, 0 errors, 0 left on base; Oakland 6 - Houston 4
Thursday, December 15th , 2022 - OOTP Baseball 23.9 Build 102